 Zot Defence DCSS version 0.15.2 (webtiles) character file.

28988 hexophile the Fighter (level 13, 0/91 HPs)
             Began as a Gargoyle Berserker on July 4, 2015.
             Was a High Priest of Trog.
             Killed by an exploding giant spore (31 damage)
             ... summoned by the player character
             ... set off by their pet
             ... in the Realm of Zot (Scenario III: Two or Three?).
             The game lasted 00:13:18 (2224 turns).

hexophile the Fighter (Gargoyle Berserker)          Turns: 2224, Time: 00:13:18

HP   0/91        AC 15     Str 26      XL: 13   Next: 42%
MP  23/23        EV 14     Int 13      God: Trog [*****.]
Gold 0           SH  0     Dex  9      Spells:  0 memorised, 12 levels left

rFire  . . .     SeeInvis .     k - +3 battleaxe (chop)
rCold  . . .     Clarity  .     b - +0 animal skin
rNeg   + . .     rCorr    .     (no shield)
rPois  +         rRot     +     e - +3 hat of Pondering {ponderous, MR+ MP+10 Int+5}
rElec  +         Spirit   .     (no cloak)
SustAb .         Warding  .     (no gloves)
rMut   .         Stasis   .     (no boots)
Gourm  .                        (no amulet)
MR     +....                    (no ring)
                                (no ring)

@: slow, somewhat resistant to hostile enchantments, very unstealthy
A: negative energy resistance 1, electricity resistance, unbreathing,
petrification resistance, rot immunity, AC +9
a: Make oklob sapling, Make arrow trap, Make plant, Remove Curse, Make burning
bush, Make altar, Make grenades, Make oklob plant, Make net trap, Make ice
statue, Make spear trap, Make alarm trap, Make mushroom circle, Make bolt trap,
Burn Spellbooks, Berserk, Trog's Hand, Brothers in Arms, Renounce Religion


You were in the Realm of Zot.
You worshipped Trog.
Trog was extremely pleased with you.
You were not hungry.

You visited 1 branch

Inventory:

Hand weapons
 a - a +0 hand axe
 j - a +8 longbow of freezing
 k - a +3 battleaxe of chopping (weapon)
Missiles
 l - a bolt
Armour
 b - a +0 animal skin (worn)
 e - the +3 hat of Pondering (worn) {ponderous, MR+ MP+10 Int+5}
   (You took it off Gastronok in the Realm of Zot)

   It affects your intelligence (+5).
   It affects your resistance to hostile enchantments.
   It affects your magic capacity (+10).
Comestibles
 d - a bread ration
Scrolls
 i - a scroll of blinking
Potions
 c - 2 potions of curing
 f - a potion of haste
 g - 2 potions of magic
 h - a potion of berserk rage


   Skills:
 * Level 14.3 Fighting
 * Level 12.1 Axes
 + Level 10.3 Armour
 + Level 7.7 Dodging


You had 12 spell levels left.
You didn't know any spells.

Dungeon Overview and Level Annotations

Branches:
    Zot (1/1)

Altars:


Innate Abilities, Weirdness & Mutations

You are resistant to torment.
You are immune to poison.
Your stone body is very resilient (AC +9).
You resist negative energy.
You are resistant to electric shocks.
You can survive without breathing.
You are immune to petrification.
You are immune to rotting.


Message History

The deep elf mage blinks!
Use which ability? (? or * to list)
You create a living grenade. x2
The deep elf priest mumbles some strange prayers to its god against something.
Something smites you!
The brown very ugly thing basks in the mutagenic energy from its kin and changes!
The deep elf mage gestures wildly while chanting.
The deep elf mage blinks!
The deep elf fighter casts a spell.
The deep elf fighter blinks!
Your giant spore explodes!
The deep elf mage appears confused.
The explosion of spores engulfs the deep elf mage.
The explosion of spores engulfs your giant spore.
Your giant spore explodes!
The explosion of spores engulfs you!
The deep elf mage appears confused.
The explosion of spores engulfs the deep elf mage.
The deep elf mage dies!
The explosion of spores engulfs you!
You die... ....▓▓▓ ▓▓▓▓▓▓▓▓▓ ▓▓▓.... ▓▓....▓▓▓ ▓▓uySyuFy▓▓

▓▓▓....▓▓
▓▓▓▓....▓▓▓▓yyuyuyyJ.▓▓▓▓....▓▓▓▓
∆▓ ▓▓▓....▓....mJem...▓....▓▓▓ ▓∆
∆▓ ▓▓▓........e........▓▓▓ ▓∆ ▓▓
▓▓▓....)).......▓▓▓ ▓▓
▓▓▓▓▓▓▓▓▓▓▓▓...§.....▓▓▓▓▓▓▓▓▓▓▓▓
∆∆∆∆?▓▓▓▓▓▓▓▓.......▓▓▓▓▓▓▓▓∆∆∆∆∆
▓▓▓▓▓▓▓▓▓▓▓▓....@....▓▓▓▓▓▓▓▓▓▓▓▓
▓▓ ▓▓▓...........e.▓▓▓ ▓▓ ∆▓
▓▓▓........))...C...▓▓▓ ▓∆ ∆▓
▓▓▓.....................▓▓▓ ▓∆
▓▓▓▓.........................▓▓▓▓
▓▓.............................▓▓
.......▓▓▓▓▓▓▓▓▓▓▓▓▓▓▓▓▓▓▓.......
......▓▓ ▓▓...... .....▓▓ ▓▓.....


You could see 2 very ugly things, 2 ugly things, a large slime creature, a slime
creature, a hill giant, 2 merfolk, 2 deep elf priests, 8 vampire mosquitoes, a
deep elf fighter, a giant frog and an adder.

Vanquished Creatures
  Gastronok (Zot)
  A death drake (shapeshifter) (Zot)
  A hill giant (Zot)
  2 moths of wrath (Zot)
  An octopode (shapeshifter) (Zot)
  Joseph (Zot)
  A yaktaur (Zot)
  A tengu conjurer (Zot)
  A polar bear (shapeshifter) (Zot)
  A merfolk (Zot)
  A jumping spider (shapeshifter) (Zot)
  2 blink frogs (Zot)
  A troll (Zot)
  Prince Ribbit (Zot)
  A deep elf mage (Zot)
  15 slime creatures (Zot)
  4 ravens (Zot)
  A wraith (Zot)
  A deep elf fighter (Zot)
  A naga (Zot)
  2 hell hounds (Zot)
  A yak (Zot)
  2 ogres (Zot)
  A crocodile (Zot)
  A water moccasin (shapeshifter) (Zot)
  A phantom (Zot)
  An orc warrior (Zot)
  2 black bears (Zot)
  3 boggarts (Zot)
  2 big kobolds (Zot)
  A necrophage (Zot)
  15 giant frogs (Zot)
  A cyclops zombie (Zot)
  4 scorpions (Zot)
  A crimson imp (Zot)
  2 jellies (Zot)
  7 wights (Zot)
  3 giant frog zombies (Zot)
  12 hounds (Zot)
  An iguana (Zot)
  An orc wizard (Zot)
  2 worker ants (Zot)
  A sheep (Zot)
  2 green rats (Zot)
  5 adders (Zot)
  3 gnolls (Zot)
  A giant mite (Zot)
  5 shadow imps (Zot)
  A worm (Zot)
  3 giant geckos (Zot)
  An ooze (Zot)
  3 orcs (Zot)
  2 bat zombies (Zot)
  7 hobgoblins (Zot)
  19 jackals (Zot)
  9 quokkas (Zot)
  5 ball pythons (Zot)
  13 bats (Zot)
  5 giant cockroaches (Zot)
  A giant newt (Zot)
  11 goblins (Zot)
  A goblin skeleton (Zot)
  10 kobolds (Zot)
  25 rats (Zot)
238 creatures vanquished.

Vanquished Creatures (collateral kills)
  A wolf spider (Zot)
  A merfolk (Zot)
  A two-headed ogre (Zot)
  A wind drake (Zot)
  3 slime creatures (Zot)
  A deep elf mage (Zot)
  A vampire mosquito (Zot)
  A giant frog (Zot)
  A centaur zombie (Zot)
  5 wights (Zot)
  2 orcs (Zot)
  8 giant spores (Zot)
26 creatures vanquished.

Vanquished Creatures (others)
  A two-headed ogre (Zot)
  A giant spore (Zot)
2 creatures vanquished.

Grand Total: 266 creatures vanquished

Notes
Turn   | Place    | Note
--------------------------------------------------------------
     0 | Zot      | hexophile, the Gargoyle Berserker, began the quest for the Orb.
     0 | Zot      | Reached XP level 1. HP: 14/14 MP: 1/1
   213 | Zot      | Reached XP level 2. HP: 19/19 MP: 2/2
   227 | Zot      | Noticed Acekkuv
   250 | Zot      | Killed Acekkuv the ogre
   250 | Zot      | Reached skill level 5 in Fighting
   250 | Zot      | Reached XP level 3. HP: 23/26 MP: 3/3
   250 | Zot      | Reached XP level 4. HP: 27/31 MP: 4/4
   250 | Zot      | Reached XP level 5. HP: 30/35 MP: 5/5
   250 | Zot      | Reached XP level 6. HP: 34/40 MP: 6/6
   301 | Zot      | Acquired Trog's second power
   395 | Zot      | Reached XP level 7. HP: 43/45 MP: 7/7
   534 | Zot      | Reached skill level 6 in Fighting
   547 | Zot      | Reached skill level 5 in Axes
   751 | Zot      | Acquired Trog's third power
   850 | Zot      | Reached XP level 8. HP: 52/52 MP: 8/8
   911 | Zot      | Reached skill level 7 in Fighting
  1037 | Zot      | Reached skill level 5 in Armour
  1126 | Zot      | Reached skill level 8 in Fighting
  1215 | Zot      | Reached XP level 9. HP: 59/59 MP: 9/9
  1340 | Zot      | Reached skill level 9 in Fighting
  1512 | Zot      | Reached XP level 10. HP: 66/66 MP: 10/10
  1522 | Zot      | Noticed Prince Ribbit
  1537 | Zot      | Reached skill level 10 in Fighting
  1550 | Zot      | Killed Prince Ribbit
  1550 | Zot      | Reached skill level 5 in Dodging
  1562 | Zot      | Received a gift from Trog
  1583 | Zot      | Noticed a fire dragon
  1593 | Zot      | Noticed a storm dragon
  1597 | Zot      | Noticed a purple draconian
  1601 | Zot      | Noticed a mottled draconian
  1609 | Zot      | Noticed a moth of wrath
  1612 | Zot      | Noticed a yellow draconian
  1612 | Zot      | Noticed a white draconian knight
  1614 | Zot      | Noticed a moth of wrath
  1617 | Zot      | Noticed a tentacled monstrosity
  1632 | Zot      | Reached skill level 11 in Fighting
  1632 | Zot      | Reached XP level 11. HP: 48/74 MP: 0/11
  1636 | Zot      | Noticed a green draconian
  1689 | Zot      | Noticed a tentacled monstrosity
  1730 | Zot      | Reached skill level 10 in Axes
  1732 | Zot      | Reached skill level 12 in Fighting
  1757 | Zot      | Noticed Gastronok
  1779 | Zot      | Killed Gastronok
  1779 | Zot      | Reached XP level 12. HP: 61/82 MP: 12/12
  1828 | Zot      | Noticed Joseph
  1844 | Zot      | Killed Joseph
  1859 | Zot      | Reached skill level 13 in Fighting
  1940 | Zot      | Reached XP level 13. HP: 32/89 MP: 13/13
  1940 | Zot      | Reached skill level 10 in Armour
  2011 | Zot      | Received a gift from Trog
  2046 | Zot      | Reached skill level 14 in Fighting
  2203 | Zot      | Noticed a brown very ugly thing
  2205 | Zot      | Noticed a brown very ugly thing
  2224 | Zot      | Killed by an exploding giant spore... set off by their pet

Action                   |  1- 3 |  4- 6 |  7- 9 | 10-12 | 13-15 || total
-------------------------+-------+-------+-------+-------+-------++-------
Melee: Hand axe          |    30 |    59 |    56 |       |       ||   145
       War axe           |       |       |   220 |    35 |       ||   255
       Battleaxe         |       |       |       |   179 |    91 ||   270
Invok: Brothers in Arms  |       |       |       |     1 |       ||     1
 Abil: Make grenades     |       |       |       |     3 |     2 ||     5
  Use: Potion            |       |       |       |     2 |       ||     2
 Stab: Confused          |       |       |       |       |     1 ||     1
